 Dungeon Crawl Stone Soup version 0.24-a0-581-gc0fa6600bf (webtiles) character file.

Game seed: 14584616161661519790

53 Eightlegvermin the Insei (level 3, -5/23 HPs)
             Began as an Octopode Transmuter on Aug 25, 2019.
             Slain by a phantom (8 damage)
             ... on level 2 of the Dungeon.
             The game lasted 00:09:03 (2463 turns).

Eightlegvermin the Insei (Octopode Transmuter)      Turns: 2463, Time: 00:09:04

Health: -5/23      AC:  1    Str:  9    XL:     3   Next: 87%
Magic:  6/6        EV: 13    Int: 15    God:
Gold:   22         SH:  0    Dex: 13    Spells: 0/6 levels left

rFire    . . .     SeeInvis .   f - +5 short sword
rCold    . . .     Gourm    .   (no shield)
rNeg     . . .     Faith    .   (helmet restricted)
rPois    .         Spirit   .   (no amulet)
rElec    .         Reflect  .   (no ring)
rCorr    .         Harm     .   (no ring)
MR       .....                  (no ring)
Stlth    +++.......             (no ring)
HPRegen  0.07/turn              (no ring)
MPRegen  0.10/turn              (no ring)
                                (no ring)
                                (no ring)

@: appendage (expiring)
A: almost no armour, stealthy swim, amphibious, 8 rings, constrict 8, tentacle
spike 3, camouflage 1, gelatinous body 1
a: End Transformation


You were on level 2 of the Dungeon.
You were not hungry.
One of your tentacles had a temporary spike.
You visited 1 branch of the dungeon, and saw 2 of its levels.

You collected 22 gold pieces.

Inventory:

Hand Weapons
 f - a +5 short sword (weapon)
Missiles
 a - 30 arrows
Scrolls
 b - 2 scrolls of fog {unknown}
 e - 2 scrolls of remove curse {unknown}
 i - 2 scrolls of identify {unknown}
 k - a scroll of magic mapping {unknown}
 n - 3 scrolls of immolation {unknown}
Potions
 d - a potion of haste {unknown}
 g - 2 potions of curing {unknown}
 h - a potion of degeneration {unknown}
 j - a potion of resistance {unknown}
 l - a potion of ambrosia {unknown}
 m - a potion of lignification {unknown}
Comestibles
 c - 4 rations


   Skills:
 - Level 1.0 Fighting
 - Level 2.0 Dodging
 - Level 3.1 Stealth
 + Level 3.5 Unarmed Combat
 - Level 2.0 Spellcasting
 + Level 2.6 Transmutations


You couldn't memorise any spells.
You knew the following spells:

 Your Spells              Type           Power        Failure   Level  Hunger
a - Beastly Appendage     Tmut           #.....       8%          1    #......
b - Sticks to Snakes      Tmut           #.......     12%         2    ###....
c - Spider Form           Tmut/Pois      #.........   36%         3    ###....

Your spell library contained the following spells:

 Spells                   Type           Power        Failure   Level  Hunger
 Ice Form                 Ice/Tmut       #.......     78%         4    #####..
 Blade Hands              Tmut           #.........   91%         5    ######.


Dungeon Overview and Level Annotations

Branches:
Dungeon (2/15)

Altars:


Innate Abilities, Weirdness & Mutations

You cannot wear most types of armour.
You are very stealthy in the water. (Stealth+)
You are amphibious.
You can wear up to eight rings at the same time.
You can use your tentacles to constrict eight enemies at once.
Your skin changes colour to match your surroundings (Stealth+).
Your rubbery body absorbs attacks. (AC +1, EV +1)
One of your tentacles bears a large vicious spike.


Message History

The phantom barely misses you.
You puncture the phantom!
Your tentacle spike misses the phantom.
The phantom is moderately damaged.
Your transformation is almost over.
The phantom hits you.
You miss the phantom.
Your tentacle spike misses the phantom.
The phantom is moderately damaged.
The phantom hits you.
You miss the phantom. Your squeeze misses the phantom.
The phantom is moderately damaged.
The phantom hits you.
* * * LOW HITPOINT WARNING * * *
The phantom blinks!
The phantom hits you.
* * * LOW HITPOINT WARNING * * *
You closely miss the phantom.
You pierce the phantom.
Your squeeze misses the phantom.
The phantom is moderately damaged.
The phantom hits you!
You die...

#.#########.#...#...##
.[# #.######..#
..#########.### #..#
..............# #..#
#######.#####.# #..#
#.# #.# #..# #.# #.#
#..# #.#
#.####..###### #.#
#..W@........# #.#
######..####.# #.#
#..# #.# #..# #.###
#..# #...# .. .>.#
###.# #.#.##### #.#
#.#.# #.# #.#.#


You could see a phantom.

Vanquished Creatures
  2 adders (D:2)
  A worm (D:2)
  2 dart slugs
  A giant cockroach (D:2)
  2 hobgoblins
  3 jackals (D:1)
  6 kobolds
  7 bats
  3 frilled lizards
  3 goblins
  A rat (D:2)
31 creatures vanquished.

Notes
Turn   | Place    | Note
-------+----------+-------------------------------------------
     0 | D:1      | Eightlegvermin the Octopode Transmuter began the quest for
                  | the Orb.
     0 | D:1      | Reached XP level 1. HP: 13/13 MP: 3/3
    69 | D:1      | Reached skill level 1 in Stealth
   111 | D:1      | Reached XP level 2. HP: 18/18 MP: 3/5
   270 | D:1      | Learned a level 2 spell: Sticks to Snakes
   900 | D:2      | Reached XP level 3. HP: 23/23 MP: 4/6
  1725 | D:2      | Noticed a phantom
  2393 | D:2      | Learned a level 3 spell: Spider Form
  2463 | D:2      | Slain by a phantom

Levels and vault maps discovered:
D:1:      minmay_arrival_wavy_path, layout_loops_cross, minmay_misc_feat_room
D:2:      layout_loops_ring, first_ration

Skill      XL: |  1  2  3 |
---------------+----------+-----
Stealth        | 1 2 3 |  3.1
Fighting       | |  1.0
Dodging        | |  2.0
Unarmed Combat | |  3.5
Spellcasting   | |  2.0
Transmutations | |  2.6

Action                   || total
-------------------------++-------
Melee: Unarmed           ||     8
       Constrict         ||    10
       Kick              ||    12
       Tentacles         ||     3
       Short sword       ||    54
 Cast: Beastly Appendage ||    21
       Sticks to Snakes  ||     2
 Stab: Sleeping          ||    13
  Eat: Chunk             ||     2
       Ration            ||     1
Armor: Skin              ||     5
Dodge: Dodged            ||    31

Table legend:
 A = Non-vault XP
 B = Vault XP
 C = Vault XP percentage of total XP
 D = Non-vault monster count
 E = Vault monster count
 F = Vault count percentage of total count
                 A         B        C        D         E       F
            +---------+---------+-------+---------+---------+-------
      Total |      76 |       0 |   0.0 |      31 |       0 |   0.0
            +---------+---------+-------+---------+---------+-------
        D:1 |      23 |       0 |   0.0 |      15 |       0 |   0.0
        D:2 |      53 |       0 |   0.0 |      16 |       0 |   0.0
            +---------+---------+-------+---------+---------+-------
